 Dungeon Crawl Stone Soup version 0.30-a0-12-gd8047c6341 (webtiles) character file.

Game seed: 16081482515631541174

546 IdlyInterested the Caller (level 7, -4/54 HPs)
             Began as a Demonspawn Wanderer on Aug 23, 2022.
             Slain by a gnoll
             ... wielding a +0 flail
             ... led by a gnoll bouda
              (7 damage)
             ... on level 4 of the Dungeon.
             The game lasted 00:16:34 (3879 turns).

IdlyInterested the Caller (Demonspawn Wanderer)     Turns: 3879, Time: 00:16:34

Health: -4/54      AC:  7    Str: 14    XL:     7   Next: 6%
Magic:  10/10      EV: 26    Int: 15    God:
Gold:   40         SH:  0    Dex: 11    Spells: 9/10 levels left

rFire   . . .      SeeInvis .    m - +1 short sword (speed)
rCold   . . .      Faith    .    (no shield)
rNeg    . . .      Spirit   .    j - +0 ring mail
rPois   .          Reflect  .    f - +0 helmet
rElec   .          Harm     .    (no cloak)
rCorr   .          Rampage  .    c - +0 pair of gloves
Will    .....                    (no boots)
Stlth   +.........               i - amulet of the acrobat
HPRegen 0.18/turn                g - ring of wizardry
MPRegen 0.12/turn                (no ring)

@: weakened, acrobatic
A: demonic guardian 1, ignite blood 1, weakness stinger 2
a: no special abilities


You were on level 4 of the Dungeon.
You visited 1 branch of the dungeon, and saw 4 of its levels.

You collected 152 gold pieces.
You spent 112 gold pieces at shops.

Inventory:

Hand Weapons
 a - a +0 club
 k - a +0 dagger
 m - a +1 short sword of speed (weapon)
 n - a +0 rapier
 q - a +0 short sword
 s - a +0 war axe
 w - a +0 spear
Missiles
 t - 4 javelins
Armour
 c - a +0 pair of gloves (worn)
 d - a +0 robe
 f - a +0 helmet (worn)
 j - a +0 ring mail (worn)
 o - a +0 leather armour
Jewellery
 g - a ring of wizardry (left hand)
 i - an amulet of the acrobat (around neck)
 r - a ring of ice
Scrolls
 e - 2 scrolls of blinking
 l - a scroll of teleportation
Potions
 p - a potion of attraction
 v - a potion of flight {unknown}
 x - a potion of mutation


   Skills:
 - Level 4.0 Fighting
 - Level 1.0 Throwing
 - Level 1.0 Armour
 - Level 2.6 Dodging
 - Level 1.0 Stealth
 - Level 2.6 Unarmed Combat
 + Level 2.0 Spellcasting
 * Level 5.6 Summonings
 + Level 0.4 Evocations


You had 9 spell levels left.
You knew the following spells:

 Your Spells              Type           Power      Damage    Failure   Level
a - Summon Small Mammal   Summ           72%        N/A       1%          1

Your spell library contained the following spells:

 Spells                   Type           Power      Damage    Failure   Level
 Apportation              Tloc           2%         N/A       17%         1
 Necrotise                Necr           4%         1d4       17%         1
 Summon Guardian Golem    Hex/Summ       9%         N/A       17%         3


Dungeon Overview and Level Annotations

Branches:
Dungeon (4/15)             Temple (0/1) D:4

Altars:
Hepliaklqana

Shops:
D:3 !


Innate Abilities, Weirdness & Mutations

A weak demonic guardian rushes to your aid.
Your demonic aura sometimes causes spilled blood to erupt in flames.
You have a tail ending in a sharp stinger.


Message History

The gnoll attacks as you move away! The gnoll completely misses you.
The gnoll attacks as you move away! The gnoll completely misses you.
Your ufetubus closely misses the gnoll.
Your ufetubus hits the gnoll but does no damage.
The gnoll hits your ufetubus with a +0 spear!
Your ufetubus dies!
Your ufetubus disappears in a puff of smoke!
There is an open door here.
The gnoll attacks as you move away! The gnoll misses you.
Your attacks no longer feel as feeble.
The gnoll is no longer moving quickly.
The gnoll attacks as you move away! The gnoll closely misses you.
The gnoll is no longer moving quickly.
The gnoll attacks as you move away! The gnoll closely misses you.
Found a stone staircase leading down.
The gnoll attacks as you move away! The gnoll completely misses you.
You open the door. The gnoll hits you with a +0 flail.
* * * LOW HITPOINT WARNING * * *
A demonic guardian appears!
Found 14 gold pieces and a scroll of immolation.
The gnoll attacks as you move away! The gnoll barely misses you.
There is an open door here.
Your iron imp barely misses the gnoll.
You see here 14 gold pieces.
You now have 40 gold pieces (gained 14).
The gnoll barely misses you. The gnoll attacks as you move away!
The gnoll hits you with a +0 flail.
* * * LOW HITPOINT WARNING * * *
The gnoll bouda hits your iron imp with a +0 club!
The gnoll attacks as you move away! The gnoll misses you.
The gnoll attacks as you move away! The gnoll misses you.
The gnoll bouda calls upon its god to heal the gnoll.
The gnoll's wounds heal themselves!
The gnoll bouda gazes fiercely through you!
You feel your attacks grow feeble. The gnoll attacks as you move away!
The gnoll misses you. The gnoll attacks as you move away!
The gnoll barely misses you. The gnoll attacks as you move away!
The gnoll barely misses you. The gnoll attacks as you move away!
The gnoll hits you with a +0 flail!
You die...

#.............####....###
#.............# #....'..
#...g.g.......# #....#..
#.?...........' .'....#..
#......5....>. #'#....###
#####.....### ..##....
#.....# ..... #..gg.#
#...@.# #.....# #.....#
##....# #....# #.....
#..... #......


You could see a gnoll bouda, 3 gnolls and a friendly iron imp (summoned).

Vanquished Creatures
  Pikel (D:4)
  A gnoll (D:4)
  A worm (D:3)
  A dart slug (D:1)
  An orc (D:3)
  5 ball pythons
  8 endoplasms
  3 giant cockroaches
  2 hobgoblins
  5 kobolds
  5 quokkas
  2 bats (D:1)
  3 frilled lizards
  4 goblins
  3 rats (D:2)
45 creatures vanquished.

Vanquished Creatures (collateral kills)
  An iguana (D:4)
  An adder (D:3)
  A worm (D:4)
  A dart slug (D:2)
  An orc (D:3)
  2 endoplasms
  A giant cockroach (D:1)
  3 hobgoblins
  A quokka (D:1)
  3 ball pythons
  A frilled lizard (D:3)
  A rat (D:3)
17 creatures vanquished.

Grand Total: 62 creatures vanquished

Notes
Turn   | Place    | Note
-------+----------+-------------------------------------------
     0 | D:1      | IdlyInterested the Demonspawn Wanderer began the quest for
                  | the Orb.
     0 | D:1      | IdlyInterested set off with the following items: a +0 club,
                  | a potion of berserk rage, a +0 pair of gloves, a +0 robe, 2
                  | scrolls of blinking; and the following spell memorised:
                  | Summon Small Mammal; and the following spells available to
                  | memorise: Summon Guardian Golem.
     0 | D:1      | Reached XP level 1. HP: 15/15 MP: 2/2
   399 | D:1      | Found a faded altar of an unknown god.
   648 | D:1      | Gained mutation: Your demonic aura sometimes causes spilled
                  | blood to erupt in flames. [demonic ancestry]
   648 | D:1      | Reached XP level 2. HP: 17/21 MP: 0/3
  1706 | D:2      | Reached skill level 1 in Stealth
  1713 | D:2      | Reached skill level 2 in Summonings
  1874 | D:2      | Reached XP level 3. HP: 24/27 MP: 0/4
  2690 | D:3      | Found Wuuwash's Distillery.
  3152 | D:3      | Gained mutation: A weak demonic guardian rushes to your
                  | aid. [demonic ancestry]
  3152 | D:3      | Reached XP level 4. HP: 22/33 MP: 3/6
  3406 | D:3      | Found a hazy altar of Hepliaklqana.
  3667 | D:3      | Bought a potion of mutation for 112 gold pieces
  3747 | D:4      | Found a staircase to the Ecumenical Temple.
  3765 | D:4      | Noticed a lemure
  3766 | D:4      | Noticed Pikel
  3766 | D:4      | Noticed a lemure
  3766 | D:4      | Noticed a lemure
  3766 | D:4      | Noticed a lemure
  3795 | D:4      | Killed Pikel
  3796 | D:4      | Reached skill level 1 in Armour
  3796 | D:4      | Reached skill level 5 in Summonings
  3796 | D:4      | Gained mutation: You have a small tail. [demonic ancestry]
  3796 | D:4      | Reached XP level 5. HP: 19/42 MP: 4/8
  3796 | D:4      | Reached XP level 6. HP: 22/48 MP: 4/9
  3811 | D:4      | Gained mutation: You have a tail ending in a sharp stinger.
                  | [demonic ancestry]
  3811 | D:4      | Reached XP level 7. HP: 6/54 MP: 5/10
  3873 | D:4      | HP: 1/54 [gnoll/+0 flail[a gnoll bouda] (4)]
  3879 | D:4      | Slain by a gnoll

Illustrated notes

Levels and vault maps discovered:
D:1:      dpeg_arrival_rooms_c, layout_loops_corners, basic_ecumenical_altar
D:2:      layout_basic, minmay_domino_2
D:3:      layout_rooms, worldfamousw_hep_ancestral_shrine, serial_shops,
          nicolae_shop_crystal
D:4:      layout_gridville, minmay_temple_entry_arrows, portal_sewer_entry_d,
          minmay_checkerbox, uniq_robin, uniq_pikel

Skill      XL: |  1  2  3  4  5  6 |
---------------+-------------------+-----
Fighting       | 2 3 4 |  4.0
Stealth        | 1 |  1.0
Summonings     | 2 5 |  5.6
Armour         | 1 |  1.0
Spellcasting   | 2 |  2.0
Throwing       | |  1.0
Dodging        | |  2.6
Unarmed Combat | |  2.6
Evocations     | |  0.4

Action                   |  1- 3 |  4- 6 |  7- 9 || total
-------------------------+-------+-------+-------++-------
Melee: Club              |    36 |       |       ||    36
       Dagger            |   123 |       |       ||   123
       Punch             |     5 |       |       ||     5
       Short sword       |       |    63 |     4 ||    67
       Tailslap          |       |     1 |     1 ||     2
 Cast: Summon Small Mamm |    50 |     8 |       ||    58
  Use: Scroll            |     7 |     1 |     1 ||     9
       Potion            |       |     2 |     1 ||     3
 Stab: Sleeping          |     3 |       |       ||     3
       Distracted        |     2 |       |       ||     2
Armor: Robe              |    47 |       |       ||    47
       Ring mail         |     9 |    14 |     2 ||    25
Dodge: Dodged            |   112 |    31 |    39 ||   182

Table legend: (Time is in decaauts)
 A = Elapsed time spent in this place.
 B = Non-inter-level travel time spent in this place.
 C = Inter-level travel time spent in this place.
 D = Time resting spent in this place.
 E = Time spent auto-exploring this place.
 F = Levels seen in this place.
 G = Mean time per level.
                   A        B        C        D        E       F      G
               +--------+--------+--------+--------+--------+-----+--------+
         Total |   3886 |   3622 |    264 |    874 |   1871 |   4 |  971.5 |
       Dungeon |   3886 |   3622 |    264 |    874 |   1871 |   4 |  971.5 |
               +--------+--------+--------+--------+--------+-----+--------+

Top non-repeatable levels by time:
     D:1: 1784 daAuts
     D:3: 994 daAuts
     D:2: 917 daAuts
     D:4: 189 daAuts
